 Dungeon Crawl Stone Soup version 0.21-a0-444-g29a2fec (webtiles) character file.

65 slep the Slasher (level 3, -1/33 HPs)
             Began as a Minotaur Monk on Nov 18, 2017.
             Slain by an adder (3 damage)
             ... on level 3 of the Dungeon.
             The game lasted 00:10:26 (1522 turns).

slep the Slasher (Minotaur Monk)                    Turns: 1522, Time: 00:10:26

Health: -1/33      AC:  3    Str: 15    XL:     3   Next: 94%
Magic:  2/2        EV: 13    Int: 12    God:
Gold:   108        SH:  0    Dex: 13    Spells: 2/2 levels left

rFire    . . .     SeeInvis .   i - +0 mace
rCold    . . .     Gourm    .   (no shield)
rNeg     . . .     Faith    .   j - +0 leather armour
rPois    +         Spirit   .   (helmet restricted)
rElec    .         Reflect  .   (no cloak)
rCorr    .         Harm     .   (no gloves)
MR       .....                  (no boots)
Stlth    +.........             (no amulet)
HPRegen  0.11/turn              e - ring of poison resistance
MPRegen  0.08/turn              (no ring)

@: brilliant, lethally poisoned (-1 -> -5), very slow
A: retaliatory headbutt, horns 2
a: no special abilities


You were on level 3 of the Dungeon.
You were not hungry.

You visited 1 branch of the dungeon, and saw 4 of its levels.

You collected 108 gold pieces.

Inventory:

Hand Weapons
 a - a +0 falchion
 i - a +0 mace (weapon)
Armour
 b - a +0 robe
 j - a +0 leather armour (worn)
Jewellery
 e - a ring of poison resistance (left hand)
Scrolls
 d - a scroll of noise {unknown}
 f - a scroll of remove curse {unknown}
 h - 4 scrolls of identify {unknown}
 l - a scroll of enchant weapon {unknown}
Books
 m - a Young Poisoner's Handbook

   Spells                             Type                      Level
   a - Sting                          Conjuration/Poison           1
   b - Poisonous Vapours              Poison/Air                   2
   c - Mephitic Cloud                 Conjuration/Poison/Air       3
   d - Olgreb's Toxic Radiance        Poison                       4
   e - Venom Bolt                     Conjuration/Poison           5
Comestibles
 c - 3 bread rations
 g - 4 fruits
 n - a meat ration


   Skills:
 + Level 4.3 Fighting
 + Level 4.4 Long Blades
 + Level 0.5 Maces & Flails
 + Level 4.0 Dodging
 + Level 1.9 Stealth


You had 2 spell levels left.
You didn't know any spells.

Dungeon Overview and Level Annotations

Branches:
Dungeon (4/15)
 Temple: D:4-7

Altars:

Shops:
D:4 =

Portals:
Sewer: D:3

Annotations:
D:3 Terence
D:4 frogmouthbird's ghost, amateur DEFE


Innate Abilities, Weirdness & Mutations

You reflexively headbutt those who attack you in melee.
You have a pair of horns on your head.


Message History

Something hits you. The adder bites you.
You are more poisoned.
The adder poisons you! The orc hits you but does no damage.
The orc wizard gestures wildly while chanting.
The orc wizard blinks!
Something hits you but does no damage. The adder closely misses you.
You're too confused to move!
You feel sick. The orc hits you with a falchion.
* * * LOW HITPOINT WARNING * * *
The adder closely misses you.
You hit the orc but do no damage.
You feel sick. The adder closely misses you. The orc barely misses you.
The adder barely misses you. The orc misses you.
Unknown command.
You bump into the rock wall.
The orc hits you with a hand axe.
* * * LOW HITPOINT WARNING * * *
The adder barely misses you.
It was a potion of brilliance.
You feel clever all of a sudden.
You feel less confused.
* * * LOW HITPOINT WARNING * * *
You feel sick. The orc misses you. The adder bites you.
You die...

#.# #.# #....# #.
#.#####.....# .
#.o.........# .
######.#....#
#########......#
.#.....o...####.#
......oOo...o..$.
#####oo#..##..##
##@#..# ##
#S#..o. #≈#...##
#≈#..## #≈#o.#
#≈##.# #≈# #∩#


You could see an ogre, an adder and 5 orcs.

Vanquished Creatures
  2 adders (D:2)
  2 dart slugs
  A leopard gecko (D:1)
  An orc (D:3)
  2 bats
  4 giant cockroaches
  6 goblins
  3 hobgoblins
  3 jackals (D:1)
  5 kobolds
  A quokka (D:2)
  3 frilled lizards
  3 rats
36 creatures vanquished.

Notes
Turn   | Place    | Note
-------+----------+-------------------------------------------
     0 | D:1      | slep the Minotaur Monk began the quest for the Orb.
     0 | D:1      | Reached XP level 1. HP: 19/19 MP: 0/0
    44 | D:1      | Reached XP level 2. HP: 27/27 MP: 1/1
   500 | D:1      | Reached XP level 3. HP: 33/33 MP: 2/2
  1400 | D:2      | You fall through a shaft for 2 floors!
  1403 | D:4      | Found Zechax's Jewellery Emporium.
  1417 | D:4      | Noticed frogmouthbird's ghost (amateur DEFE)
  1464 | D:3      | Noticed Terence
  1479 | D:3      | Noticed an ogre
  1511 | D:3      | Found a glowing drain.
  1522 | D:3      | Slain by an adder

Vault maps used:
D:1:      zaba_arrival_water, minivault_26, hex_tiny, kennysheep_doodads
D:3:      minmay_diamond_boxcup, portal_sewer_entry_d, led_xom_imps,
          uniq_grinder, uniq_terence
D:4:      chequers_temple_overflow_statue_of_worship, first_bread, serial_shops,
          shop

Skill      XL: |  1  2  3 |
---------------+----------+-----
Long Blades    | 4 |  4.4
Fighting       | 4 |  4.3
Dodging        | 4 |  4.0
Maces & Flails | |  0.5
Stealth        | |  1.9

Action                   || total
-------------------------++-------
Melee: Falchion          ||    21
       Headbutt          ||    13
       Mace              ||    36
  Use: Potion            ||     1
 Stab: Sleeping          ||     7
  Eat: Chunk             ||     2
Armor: Robe              ||     7
       Leather armour    ||     6
Dodge: Dodged            ||    57
       Rpst.: Falchion   ||     3

Table legend:
 A = Spawn XP
 B = Non-spawn XP
 C = Spawn XP percentage of total XP
 D = Spawn monster count
 E = Non-spawn monster count
 F = Spawn count percentage of total count
 G = Total turns spent on level
                    A         B        C        D         E        F      G
               +---------+---------+-------+---------+---------+-------+---------
         Total |       0 |      94 |   0.0 |       0 |      36 |   0.0 |  1522
               +---------+---------+-------+---------+---------+-------+---------
           D:1 |       0 |      43 |   0.0 |       0 |      22 |   0.0 |   766
           D:2 |       0 |      48 |   0.0 |       0 |      13 |   0.0 |   634
           D:3 |       0 |       3 |   0.0 |       0 |       1 |   0.0 |    65
               +---------+---------+-------+---------+---------+-------+---------
